TOP OF THE 1ST |
San Francisco Bandits batting - Pitching for Fresno Deplorables : LHP Eduardo Trujillo
|
Pitching: LHP Eduardo Trujillo
|
|
Batting: RHB Javier Ramírez
|
0-0: Swinging Strike 0-1: Ball 1-1: Called Strike 1-2: Strikes out swinging
|
Batting: LHB Seung-woo Yi
|
0-0: Ball 1-0: Called Strike 1-1: Swinging Strike 1-2: Foul Ball, location: 2F 1-2: Ground out 4-3 (Groundball, 34)
|
Batting: RHB Owen Carter
|
0-0: Ball 1-0: Foul Ball, location: 2F 1-1: Swinging Strike 1-2: Ball 2-2: Ball 3-2: Base on Balls
|
Batting: RHB Cory Foster
|
0-0: Swinging Strike 0-1: Swinging Strike 0-2: Strikes out swinging
|
Top of the 1st over - 0 run(s), 0 hit(s), 0 error(s), 1 left on base; San Francisco 0 - Fresno 0 |
BOTTOM OF THE 1ST |
Fresno Deplorables batting - Pitching for San Francisco Bandits : LHP Manuel Rodríguez
|
Pitching: LHP Manuel Rodríguez
|
|
Batting: RHB Dani Vázquez
|
0-0: Called Strike 0-1: Ground out 5-3 (Groundball, 5)
|
Batting: RHB Manolo Román
|
0-0: Ball 1-0: Fly out, F7 (Flyball, 7S)
|
Batting: LHB Jeff Daniels
|
0-0: Foul Ball, location: 2F 0-1: Fly out, F7 (Flyball, 7S)
|
Bottom of the 1st over - 0 run(s), 0 hit(s), 0 error(s), 0 left on base; San Francisco 0 - Fresno 0 |
TOP OF THE 2ND |
San Francisco Bandits batting - Pitching for Fresno Deplorables : LHP Eduardo Trujillo
|
Batting: RHB Ramón Ruíz
|
0-0: Ball 1-0: Called Strike 1-1: Ball 2-1: Foul Ball, location: 2F 2-2: SINGLE (Groundball, 4D)
|
Batting: RHB Juan Mendoza
|
0-0: Ball 1-0: Ground out 6-3 (Groundball, 6S) Ramón Ruíz to second
|
Batting: LHB Alberto Gómez
|
0-0: Ball 1-0: Ball 2-0: Swinging Strike 2-1: Ground out 4-3 (Groundball, 34) Ramón Ruíz to third
|
Batting: RHB Scott Merritt
|
0-0: Ball 1-0: Foul Ball, location: 2F 1-1: Ball 2-1: Swinging Strike 2-2: Foul Ball, location: 2F 2-2: Ball 3-2: SINGLE (Groundball, 56S) (infield hit) Ramón Ruíz scores
|
Batting: RHB Gustavo Ortíz
|
0-0: Ball 1-0: Fly out, F8 (Flyball, 8RM)
|
Top of the 2nd over - 1 run(s), 2 hit(s), 0 error(s), 1 left on base; San Francisco 1 - Fresno 0 |
BOTTOM OF THE 2ND |
Fresno Deplorables batting - Pitching for San Francisco Bandits : LHP Manuel Rodríguez
|
Batting: LHB Troy Donaldson
|
0-0: Called Strike 0-1: Swinging Strike 0-2: Foul Ball, location: 2F 0-2: Foul Ball, location: 2F 0-2: Foul Ball, location: 2F 0-2: SINGLE (Line Drive, 6M)
|
Batting: RHB Paco Arellano
|
0-0: Ball 1-0: Fly out, F9 (Flyball, 9S)
|
Batting: LHB Paul Mullins
|
0-0: SINGLE (Groundball, 34D) (infield hit) Troy Donaldson to second
|
Batting: RHB Aaron Scott
|
0-0: Ball Troy Donaldson is caught stealing 3rd base Paul Mullins to second 1-0: Ball 2-0: Ball 3-0: Called Strike 3-1: Called Strike 3-2: Foul Ball, location: 2F 3-2: Fly out, F9 (Flyball, 9)
|
Bottom of the 2nd over - 0 run(s), 2 hit(s), 0 error(s), 1 left on base; San Francisco 1 - Fresno 0 |
TOP OF THE 3RD |
San Francisco Bandits batting - Pitching for Fresno Deplorables : LHP Eduardo Trujillo
|
Batting: RHB Javier Ramírez
|
0-0: Called Strike 0-1: Ball 1-1: Ball 2-1: Ball 3-1: Foul Ball, location: 2F 3-2: Foul Ball, location: 2F 3-2: Strikes out looking
|
Batting: LHB Seung-woo Yi
|
0-0: Ball 1-0: Swinging Strike 1-1: Ball 2-1: Foul Ball, location: 2F 2-2: Ball 3-2: Ground out 6-3 (Groundball, 6)
|
Batting: RHB Owen Carter
|
0-0: Foul Ball, location: 2F 0-1: Ball 1-1: Ball 2-1: SINGLE (Groundball, 56D)
|
Batting: RHB Cory Foster
|
0-0: Called Strike 0-1: Ball 1-1: Foul Ball, location: 2F 1-2: Foul Ball, location: 2F 1-2: Ball 2-2: Ground out U3 (Groundball, 3)
|
Top of the 3rd over - 0 run(s), 1 hit(s), 0 error(s), 1 left on base; San Francisco 1 - Fresno 0 |
BOTTOM OF THE 3RD |
Fresno Deplorables batting - Pitching for San Francisco Bandits : LHP Manuel Rodríguez
|
Batting: LHB Keith Beard
|
0-0: Ball 1-0: Ball 2-0: Ball 3-0: Called Strike 3-1: Base on Balls
|
Batting: RHB Robert Bly
|
0-0: Ball 1-0: Swinging Strike 1-1: Ball 2-1: Fly out, F4 (Popup, 4M)
|
Batting: RHB Dani Vázquez
|
0-0: Ball 1-0: Ball 2-0: Called Strike 2-1: Ball Wild Pitch! Keith Beard to second 3-1: Ground out 3-1 (Groundball, 34) Keith Beard to third
|
Batting: RHB Manolo Román
|
0-0: SINGLE (Groundball, 6MD) Keith Beard scores
|
Batting: LHB Jeff Daniels
|
0-0: Ball 1-0: Ball 2-0: Ball 3-0: Base on Balls Manolo Román to second
|
Batting: LHB Troy Donaldson
|
0-0: Ball 1-0: Fly out, F8 (Flyball, 8RM)
|
Bottom of the 3rd over - 1 run(s), 1 hit(s), 0 error(s), 2 left on base; San Francisco 1 - Fresno 1 |
TOP OF THE 4TH |
San Francisco Bandits batting - Pitching for Fresno Deplorables : LHP Eduardo Trujillo
|
Batting: RHB Ramón Ruíz
|
0-0: Foul Ball, location: 2F 0-1: Foul Ball, location: 2F 0-2: Ground out 4-3 (Groundball, 34)
|
Batting: RHB Juan Mendoza
|
0-0: Ball 1-0: Called Strike 1-1: Called Strike 1-2: Ball 2-2: Fly out, F8 (Line Drive, 8RS)
|
Batting: LHB Alberto Gómez
|
0-0: Ball 1-0: Ground out U3 (Groundball, 3)
|
Top of the 4th over - 0 run(s), 0 hit(s), 0 error(s), 0 left on base; San Francisco 1 - Fresno 1 |
BOTTOM OF THE 4TH |
Fresno Deplorables batting - Pitching for San Francisco Bandits : LHP Manuel Rodríguez
|
Batting: RHB Paco Arellano
|
0-0: Ball 1-0: Called Strike 1-1: Ball 2-1: Ball 3-1: Base on Balls
|
Batting: LHB Paul Mullins
|
0-0: Hit by Pitch Paco Arellano to second
|
Batting: RHB Aaron Scott
|
0-0: Grounds into double play, 6-4-3 (Groundball, 6) Paco Arellano to third
|
Batting: LHB Keith Beard
|
0-0: Called Strike 0-1: Ground out 4-3 (Groundball, 4)
|
Bottom of the 4th over - 0 run(s), 0 hit(s), 0 error(s), 1 left on base; San Francisco 1 - Fresno 1 |
TOP OF THE 5TH |
San Francisco Bandits batting - Pitching for Fresno Deplorables : LHP Eduardo Trujillo
|
Batting: RHB Scott Merritt
|
0-0: Swinging Strike 0-1: Foul Ball, location: 2F 0-2: Ball 1-2: Ball 2-2: DOUBLE (Line Drive, 7LS)
|
Batting: RHB Gustavo Ortíz
|
0-0: Ball 1-0: Swinging Strike 1-1: SINGLE (Groundball, 4D) Scott Merritt to third Runner from 3rd tries for Home, SAFE, throw made home Gustavo Ortíz to second
|
Batting: RHB Javier Ramírez
|
0-0: Ball 1-0: Swinging Strike 1-1: Foul Ball, location: 2F 1-2: Ball 2-2: Strikes out swinging
|
Pitching: RHP Ron Biller
|
|
Batting: LHB Seung-woo Yi
|
0-0: Intentional Walk
|
Batting: RHB Owen Carter
|
0-0: Ball 1-0: Ball 2-0: Ball 3-0: Called Strike 3-1: Base on Balls Gustavo Ortíz to third Seung-woo Yi to second
|
Batting: RHB Cory Foster
|
0-0: Ball 1-0: Called Strike 1-1: Fly out, F7 (Line Drive, 7)
|
Batting: RHB Ramón Ruíz
|
0-0: Called Strike 0-1: Ball 1-1: Ball 2-1: Ball 3-1: Fielders Choice at 2nd, 5-4 (Groundball, 5L)
|
Top of the 5th over - 1 run(s), 2 hit(s), 0 error(s), 2 left on base; San Francisco 2 - Fresno 1 |
BOTTOM OF THE 5TH |
Fresno Deplorables batting - Pitching for San Francisco Bandits : LHP Manuel Rodríguez
|
Batting: RHB Robert Bly
|
0-0: Ball 1-0: Ground out 5-3 (Groundball, 56)
|
Batting: RHB Dani Vázquez
|
0-0: Ball 1-0: Called Strike 1-1: Foul Ball, location: 2F 1-2: SINGLE (Groundball, 4D)
|
Batting: RHB Manolo Román
|
0-0: Ball 1-0: Called Strike 1-1: Foul Ball, location: 2F 1-2: Ball 2-2: Strikes out swinging
|
Batting: LHB Jeff Daniels
|
0-0: Ball 1-0: Fly out, F7 (Flyball, 7LSF)
|
Bottom of the 5th over - 0 run(s), 1 hit(s), 0 error(s), 1 left on base; San Francisco 2 - Fresno 1 |
TOP OF THE 6TH |
San Francisco Bandits batting - Pitching for Fresno Deplorables : RHP Ron Biller
|
Batting: RHB Juan Mendoza
|
0-0: Swinging Strike 0-1: Swinging Strike 0-2: Strikes out swinging
|
Batting: LHB Alberto Gómez
|
0-0: SINGLE (Groundball, 6MD)
|
Batting: RHB Scott Merritt
|
0-0: Ball 1-0: SINGLE (Line Drive, 89S) Alberto Gómez to second
|
Batting: RHB Gustavo Ortíz
|
0-0: Ball 1-0: Ball 2-0: Called Strike 2-1: Ball 3-1: Called Strike 3-2: Foul Ball, location: 2F 3-2: Strikes out swinging
|
Batting: RHB Javier Ramírez
|
0-0: Called Strike 0-1: Foul Ball, location: 2F 0-2: Ground out 5-3 (Groundball, 56S)
|
Top of the 6th over - 0 run(s), 2 hit(s), 0 error(s), 2 left on base; San Francisco 2 - Fresno 1 |
BOTTOM OF THE 6TH |
Fresno Deplorables batting - Pitching for San Francisco Bandits : LHP Manuel Rodríguez
|
Batting: LHB Troy Donaldson
|
0-0: Ball 1-0: Foul Ball, location: 2F 1-1: Fly out, F7 (Flyball, 78D)
|
Batting: RHB Paco Arellano
|
0-0: Foul Ball, location: 2F 0-1: Ball 1-1: Ball 2-1: Ball 3-1: Foul Ball, location: 2F 3-2: Strikes out swinging
|
Batting: LHB Paul Mullins
|
0-0: Foul Ball, location: 2F 0-1: SINGLE (Line Drive, 56D)
|
Batting: RHB Aaron Scott
|
0-0: Ball 1-0: Swinging Strike 1-1: Ball 2-1: Foul Ball, location: 2F 2-2: Foul Ball, location: 2F 2-2: Fielders Choice at 2nd, 6-4 (Groundball, 56)
|
Bottom of the 6th over - 0 run(s), 1 hit(s), 0 error(s), 0 left on base; San Francisco 2 - Fresno 1 |
TOP OF THE 7TH |
San Francisco Bandits batting - Pitching for Fresno Deplorables : RHP Ron Biller
|
Pitching: LHP Allan Bader
|
|
Batting: LHB Seung-woo Yi
|
0-0: Called Strike 0-1: Ball 1-1: Foul Ball, location: 2F 1-2: Strikes out swinging
|
Pitching: RHP Butch Ramey
|
|
Batting: RHB Owen Carter
|
0-0: Called Strike 0-1: Ground out 5-3 (Groundball, 56S)
|
Batting: RHB Cory Foster
|
0-0: Foul Ball, location: 2F 0-1: Ball 1-1: Ball 2-1: Ball 3-1: Foul Ball, location: 2F 3-2: Foul Ball, location: 2F 3-2: Strikes out looking
|
Top of the 7th over - 0 run(s), 0 hit(s), 0 error(s), 0 left on base; San Francisco 2 - Fresno 1 |
BOTTOM OF THE 7TH |
Fresno Deplorables batting - Pitching for San Francisco Bandits : LHP Manuel Rodríguez
|
Batting: LHB Keith Beard
|
0-0: Ball 1-0: Ball 2-0: Swinging Strike 2-1: SINGLE (Groundball, 34D)
|
Batting: RHB Robert Bly
|
0-0: Called Strike 0-1: Ball 1-1: Foul Ball, location: 2F 1-2: Ball 2-2: Strikes out swinging
|
Batting: RHB Dani Vázquez
|
0-0: Ball 1-0: SINGLE (Line Drive, 89S) Keith Beard to second
|
Batting: RHB Manolo Román
|
0-0: Ball 1-0: Foul Ball, location: 2F 1-1: Ball 2-1: Ball 3-1: Base on Balls Keith Beard to third Dani Vázquez to second
|
Pitching: RHP Mal Park
|
|
Batting: LHB Jeff Daniels
|
0-0: Swinging Strike 0-1: Ball 1-1: SINGLE (Groundball, 34D) Keith Beard scores Dani Vázquez to third Manolo Román to second Runner from 3rd tries for Home, SAFE, no throw
|
Batting: LHB Troy Donaldson
|
0-0: 3-RUN HOME RUN (Flyball, 9LD), Distance : 324 ft
|
Batting: RHB Paco Arellano
|
0-0: Ball 1-0: Ground out 6-3 (Groundball, 56)
|
Batting: LHB Paul Mullins
|
0-0: Called Strike 0-1: Called Strike 0-2: Strikes out swinging
|
Bottom of the 7th over - 5 run(s), 4 hit(s), 0 error(s), 0 left on base; San Francisco 2 - Fresno 6 |
TOP OF THE 8TH |
San Francisco Bandits batting - Pitching for Fresno Deplorables : RHP Butch Ramey
|
Batting: RHB Ramón Ruíz
|
0-0: Ball 1-0: Called Strike 1-1: Foul Ball, location: 2F 1-2: Strikes out swinging
|
Batting: RHB Juan Mendoza
|
0-0: DOUBLE (Line Drive, 7LS)
|
Batting: LHB Alberto Gómez
|
0-0: Called Strike 0-1: Called Strike 0-2: Foul Ball, location: 2F 0-2: Ball 1-2: Ball 2-2: Strikes out swinging
|
Batting: RHB Scott Merritt
|
0-0: Swinging Strike 0-1: Foul Ball, location: 2F 0-2: SINGLE (Groundball, 56D) Juan Mendoza to third Runner from 3rd tries for Home, SAFE, no throw
|
Pitching: RHP César Menéndez
|
|
Batting: RHB Gustavo Ortíz
|
0-0: SINGLE (Groundball, 34D) Scott Merritt to second Runner from 2nd tries for 3rd, SAFE, no throw
|
Batting: RHB Javier Ramírez
|
0-0: Called Strike 0-1: Ball 1-1: Foul Ball, location: 2F 1-2: Foul Ball, location: 2F 1-2: Strikes out swinging
|
Top of the 8th over - 1 run(s), 3 hit(s), 0 error(s), 2 left on base; San Francisco 3 - Fresno 6 |
BOTTOM OF THE 8TH |
Fresno Deplorables batting - Pitching for San Francisco Bandits : RHP Mal Park
|
Batting: RHB Aaron Scott
|
0-0: Ball 1-0: Foul Ball, location: 2F 1-1: Ball 2-1: Swinging Strike 2-2: Strikes out swinging
|
Batting: LHB Keith Beard
|
0-0: Called Strike 0-1: Fly out, F9 (Flyball, 89M)
|
Batting: RHB Robert Bly
|
0-0: Ball 1-0: Foul Ball, location: 2F 1-1: Foul Ball, location: 2F 1-2: Hit by Pitch
|
Batting: RHB Dani Vázquez
|
0-0: Called Strike 0-1: Called Strike 0-2: Fly out, F3 (Popup, 3L)
|
Bottom of the 8th over - 0 run(s), 0 hit(s), 0 error(s), 1 left on base; San Francisco 3 - Fresno 6 |
TOP OF THE 9TH |
San Francisco Bandits batting - Pitching for Fresno Deplorables : RHP César Menéndez
|
Pitching: LHP Valentín Reséndez
|
|
Batting: LHB Seung-woo Yi
|
0-0: Called Strike 0-1: Foul Ball, location: 2F 0-2: Strikes out looking
|
Batting: RHB Owen Carter
|
0-0: Ball 1-0: Foul Ball, location: 2F 1-1: Foul Ball, location: 2F 1-2: Ball 2-2: Strikes out swinging
|
Batting: RHB Cory Foster
|
0-0: Ball 1-0: Called Strike 1-1: Ball 2-1: Ball 3-1: Base on Balls
|
Batting: RHB Ramón Ruíz
|
0-0: Ball 1-0: Ball 2-0: Called Strike 2-1: Ball 3-1: Base on Balls Cory Foster to second
|
Batting: RHB Juan Mendoza
|
0-0: Called Strike 0-1: Ball 1-1: Ball 2-1: Ball 3-1: Fly out, F8 (Flyball, 8RXD)
|
Top of the 9th over - 0 run(s), 0 hit(s), 0 error(s), 2 left on base; San Francisco 3 - Fresno 6 |
|